Map: Lost and Found LE

Players

Alberthor - Winner!

  • Race: Protoss Protoss
  • Spawn Location: 7:00

CynderQuil

  • Race: Zerg Zerg
  • League: Platinum
  • Spawn Location: 1:00

VOD

Have the link to the VOD?

Description

Time

  • Played on: June 23, 2018, 7:49 p.m.
  • Length: 12:42
Show
View Real Time Build Order
Export as new Build Order

Alberthor Protoss - Winner!

Build Orders: 1 Gate Expand, Mass Adepts 

Get SALT Encoding   

  12  0:01  Probe  
  13  0:13  Probe  
  14  0:20  Pylon  
  14  0:26  Probe  
  15  0:37  Probe  
  15  0:42  Gateway  
  16  0:45  Probe  
  16  0:48  Assimilator  
  17  0:53  Probe  
  18  1:23  Nexus  
  18  1:33  Probe  
  18  1:34  Cybernetics Core  
  19  1:42  Probe  
  19  1:43  Assimilator  
  20  1:52  Probe  
  20  1:58  Pylon  
  21  2:04  Probe  
  22  2:09  Adept  
  22  2:11  Warp Gate  
  22  2:18  Probe  
  25  2:30  Probe  
  25  2:31  Twilight Council  
  25  2:34  Probe  
  25  2:36  Adept  
  28  2:42  Probe  
  30  2:44  Probe  
  30  2:49  Resonating Glaives  
  31  2:52  Probe  
  31  2:56  Probe  
  33  3:03  Adept  
  35  3:07  Probe  
  35  3:08  Probe  
  37  3:15  Gateway  
  37  3:19  Probe  
  38  3:20  Probe  
  39  3:29  Pylon  
  39  3:30  Adept  
  39  3:31  Probe  
  39  3:33  Probe  
  43  3:37  Gateway  
  43  3:42  Gateway  
  43  3:46  Pylon  
  43  3:48  Probe  
  44  3:49  Probe  
  45  3:57  Assimilator  
  45  4:00  Probe  
  45  4:01  Probe  
  47  4:03  Pylon  
  47  4:16  Adept  
  49  4:21  Adept  
  51  4:34  Adept  
  53  4:42  Adept x3  
  53  4:53  Probe  
  53  4:54  Probe  
  55  5:05  Probe  
  55  5:06  Probe  
  57  5:15  Adept x2  
  57  5:16  Adept x2  
  63  5:29  Nexus  
  63  5:32  Pylon  
  63  5:35  Pylon  
  63  5:40  Pylon, Probe  
  63  5:41  Probe  
  65  5:44  Robotics Facility  
  61  5:50  Robotics Facility  
  61  5:52  Probe  
  61  5:53  Probe, Gateway  
  61  5:55  Gateway  
  57  5:57  Forge  
  57  6:04  Probe  
  57  6:05  Probe  
  57  6:10  Protoss Ground Weapons Level 1  
  59  6:17  Probe  
  60  6:19  Adept x3  
  60  6:20  Adept  
  68  6:28  Blink  
  68  6:32  Probe x2  
  70  6:42  Immortal  
  70  6:44  Probe x2, Immortal  
  80  6:49  Assimilator  
  80  6:54  Gateway  
  80  6:55  Gateway  
  80  7:09  Pylon  
  80  7:12  Probe  
  80  7:13  Probe  
  82  7:16  Probe  
  82  7:20  Adept x2  
  82  7:21  Adept x2  
  82  7:22  Assimilator  
  91  7:24  Probe  
  91  7:25  Probe  
  91  7:26  Assimilator  
  91  7:28  Probe  
  98  7:32  Warp Prism  
  96  7:48  Probe  
  96  7:49  Probe x2  
  99  7:55  Stalker x2  
  99  7:56  Stalker x2  
  107  8:00  Probe  
  107  8:01  Probe x2  
  107  8:04  Adept x2  
  107  8:05  Adept  
  116  8:14  Pylon  
  116  8:16  Pylon  
  116  8:21  Protoss Ground Weapons Level 2  
  116  8:24  Immortal  
  116  8:32  Immortal  
  116  8:33  Pylon  
  124  8:35  Pylon  
  124  8:37  Pylon  
  124  8:39  Pylon  
  124  8:41  Pylon  
  124  8:46  Templar Archives  
  124  8:58  Forge  
  124  9:01  Observer  
  125  9:15  Protoss Ground Armor Level 1  
  125  9:16  Nexus  
  125  9:19  Pylon, Observer  
  125  9:23  Adept  
  125  9:24  Adept x6  
  132  9:25  Adept  
  132  9:27  Pylon  
  142  9:44  Pylon  
  142  10:03  Stalker x5  
  142  10:04  Stalker x3  
  158  10:20  Protoss Shields Level 1  
  158  10:27  Photon Cannon  
  158  10:28  Photon Cannon  
  158  10:29  Photon Cannon  
  158  10:32  Photon Cannon  
  158  10:33  Photon Cannon  
  158  10:35  Shield Battery  
  158  10:38  Shield Battery  
  158  10:40  Shield Battery  
  158  10:46  Assimilator  
  158  10:50  Assimilator  
  158  10:56  High Templar x3  
  158  10:57  High Templar x5  
  166  11:01  Archon  
  166  11:02  Archon x3  
  174  11:10  Pylon  
  174  11:12  Pylon  
  174  11:15  Pylon  
  174  11:16  Pylon  
  174  11:18  Pylon  
  174  11:30  Stalker  
  174  11:31  Stalker x6  
  174  11:32  Stalker  
  190  11:56  Stalker x4  
  190  11:57  Stalker  
  194  12:20  Adept x7  
  194  12:21  Adept  
  164  12:41  High Templar x7  
  164  12:42  High Templar  
Show
View Real Time Build Order
Export as new Build Order

CynderQuil Zerg 

Build Orders: Hatch First 

Get SALT Encoding   

  12  0:01  Drone  
  13  0:13  Overlord  
  13  0:16  Drone  
  14  0:31  Drone  
  14  0:32  Drone  
  16  0:38  Drone  
  17  0:55  Hatchery  
  17  0:56  Extractor  
  15  1:08  Spawning Pool  
  14  1:11  Drone  
  14  1:15  Drone  
  16  1:18  Drone  
  17  1:37  Drone  
  17  1:38  Drone  
  19  1:51  Overlord  
  19  1:57  Queen  
  21  2:08  Queen  
  21  2:10  Zergling x4  
  21  2:11  Drone  
  26  2:22  Drone x2  
  28  2:23  Metabolic Boost  
  28  2:31  Drone x2  
  30  2:53  Drone x2  
  30  2:54  Overlord  
  30  2:56  Hatchery  
  31  3:01  Zergling x4  
  33  3:21  Drone x4  
  33  3:22  Drone  
  38  3:28  Zergling x10  
  43  3:43  Lair  
  43  4:03  Drone  
  43  4:04  Overlord  
  43  4:06  Overlord  
  44  4:11  Overlord  
  44  4:20  Drone x3  
  44  4:21  Drone, Extractor  
  43  4:52  Roach Warren  
  37  4:58  Hydralisk Den  
  37  4:59  Drone x3  
  39  5:01  Drone x3  
  39  5:16  Zergling x2  
  39  5:17  Zergling x14  
  37  5:28  Hydralisk x2  
  37  5:29  Hydralisk  
  26  5:45  Hydralisk x3  
  27  6:04  Drone x6  
  30  6:05  Drone x2  
  30  6:06  Queen  
  37  6:13  Queen  
  39  6:31  Drone x3  
  43  6:32  Drone  
  43  6:56  Hydralisk x2  
  43  6:59  Zergling x4  
  43  7:00  Drone x2  
  51  7:15  Roach x3  
  57  7:20  Drone x2  
  60  7:22  Drone  
  60  7:32  Drone  
  60  7:33  Drone x3  
  64  7:46  Drone  
  64  7:47  Drone x4  
  64  7:49  Drone  
  70  8:01  Queen  
  72  8:11  Grooved Spines  
  72  8:16  Baneling Nest  
  72  8:17  Overlord x2  
  72  8:18  Overlord  
  71  8:28  Pneumatized Carapace  
  71  8:38  Overseer, Hydralisk  
  71  8:39  Hydralisk x2  
  71  8:40  Roach  
  71  8:41  Zergling x8  
  82  8:46  Overlord  
  82  8:47  Overlord  
  83  9:11  Drone x3  
  83  9:12  Drone x4  
  83  9:14  Hydralisk x3  
  96  9:35  Overlord x4  
  96  9:40  Centrifical Hooks  
  96  9:48  Extractor x2  
  96  9:52  Extractor  
  93  9:53  Drone x3  
  93  9:55  Drone x2, Extractor  
  93  9:56  Drone  
  93  9:58  Drone x2  
  93  9:59  Drone  
  101  10:00  Drone x2  
  101  10:01  Drone  
  101  10:04  Hydralisk x2  
  108  10:27  Hydralisk x2, Zergling x10  
  108  10:28  Hydralisk x2, Zergling x2  
  120  10:34  Baneling x6  
  122  10:40  Glial Reconstitution  
  122  10:57  Overlord x2  
  122  10:58  Overlord x3  
  122  11:01  Baneling  
  122  11:02  Baneling x7  
  122  11:03  Baneling x4, Hatchery  
  121  11:20  Hydralisk x2  
  121  11:21  Hydralisk, Zergling x2  
  121  11:22  Zergling x10  
  133  11:51  Zergling x4  
  133  11:52  Hydralisk x7, Zergling x6  
  133  11:54  Zergling x2  
  135  12:22  Zergling x4  
  126  12:23  Zergling x12  
Tags
 
Add a new tag
Caveats
  • Supply blocks, unpowered buildings, or Contaminate may cause inaccurate times.
  • Supply counts are checked every 10 seconds.